NCAA
GEORGIA TECH YELLOW JACKETS @ OKLAHOMA STATE COWBOYS
04/02/2030
 
TOP OF THE 1ST
Georgia Tech Yellow Jackets batting - Pitching for Oklahoma State Cowboys : RHP Alfonso Rodríguez
Pitching: RHP Alfonso Rodríguez
Batting: RHB Juan Encarnación 0-0: Called Strike
0-1: Ball
1-1: Ball
2-1: Ball
3-1: Ground out 3-1 (Groundball, 34S)
Batting: LHB John Lyons 0-0: Ball
1-0: Foul Ball, location: 2F
1-1: Ball
2-1: Ball
3-1: Base on Balls
Batting: RHB Hayden Martínez 0-0: Called Strike
0-1: Ball
John Lyons steals 2nd base
1-1: Ball
2-1: Foul Ball, location: 2F
2-2: Ball
3-2: Foul Ball, location: 2F
3-2: Fly out, F8 (Flyball, 8RM)
Batting: LHB José Martínez 0-0: Fly out, F7 (Flyball, 78S)
Top of the 1st over - 0 runs, 0 hits, 0 errors, 1 left on base; Georgia Tech 0 - Oklahoma State 0
BOTTOM OF THE 1ST
Oklahoma State Cowboys batting - Pitching for Georgia Tech Yellow Jackets : LHP Tristan Conlan
Pitching: LHP Tristan Conlan
Batting: RHB Ricardo Toledo 0-0: Called Strike
0-1: Called Strike
0-2: Ball
1-2: Foul Ball, location: 2F
1-2: Strikes out looking
Batting: SHB Simon Spencer 0-0: Ball
1-0: Swinging Strike
1-1: Ball
2-1: Ball
3-1: Base on Balls
Batting: SHB Jacob Lachance 0-0: Called Strike
0-1: Ball
1-1: Ball
2-1: Foul Ball, location: 2F
2-2: Ball
3-2: Foul Ball, location: 2F
3-2: Foul Ball, location: 2F
3-2: Grounds into double play, 6-4-3 (Groundball, 6)
Bottom of the 1st over - 0 runs, 0 hits, 0 errors, 0 left on base; Georgia Tech 0 - Oklahoma State 0
TOP OF THE 2ND
Georgia Tech Yellow Jackets batting - Pitching for Oklahoma State Cowboys : RHP Alfonso Rodríguez
Batting: LHB Tomás Gonsáles 0-0: Ball
1-0: Ball
2-0: Ball
3-0: Called Strike
3-1: Base on Balls
Batting: RHB Pat Gibson 0-0: Called Strike
0-1: Ball
1-1: Swinging Strike
1-2: Ball
2-2: Ball
3-2: Foul Ball, location: 2F
3-2: Strikes out swinging
Batting: LHB Dan Crowell 0-0: Ball
Throwing error on steal attempt, E2
Tomás Gonsáles to third
1-0: Called Strike
1-1: Fly out, F9 (Flyball, 9LM)
Runner from 3rd tags up, SCORES, throw made
Batting: RHB Paul Neal 0-0: Ball
1-0: SINGLE (Line Drive, 9LS)
Batting: SHB John Pierce 0-0: Fly out, F5 (Line Drive, 5L)
Top of the 2nd over - 1 run, 1 hit, 1 error, 1 left on base; Georgia Tech 1 - Oklahoma State 0
BOTTOM OF THE 2ND
Oklahoma State Cowboys batting - Pitching for Georgia Tech Yellow Jackets : LHP Tristan Conlan
Batting: SHB Steve Miner 0-0: Called Strike
0-1: Swinging Strike
0-2: Ball
1-2: Ball
2-2: Strikes out looking
Batting: RHB Geoffrey Billings 0-0: SINGLE (Flyball, 8LS)
Batting: RHB Tony Swanson 0-0: DOUBLE (Line Drive, 7LM)
Geoffrey Billings to third
Batting: RHB Álex Guzmán 0-0: Foul Ball, location: 2F
0-1: Foul Ball, location: 2F
0-2: SINGLE (Groundball, 6MD)
Geoffrey Billings scores
Tony Swanson to third
Runner from 3rd tries for Home, SAFE, throw made home
Álex Guzmán to second
Batting: RHB Stephen Olvera 0-0: Foul Ball, location: 2F
0-1: Ball
1-1: Foul Ball, location: 2F
1-2: Foul Ball, location: 2F
1-2: Foul Ball, location: 2F
1-2: Foul Ball, location: 2F
1-2: Ball
2-2: Strikes out swinging
Batting: SHB Enrique Martínez 0-0: Called Strike
0-1: Called Strike
0-2: Strikes out swinging
Bottom of the 2nd over - 2 runs, 3 hits, 0 errors, 1 left on base; Georgia Tech 1 - Oklahoma State 2
TOP OF THE 3RD
Georgia Tech Yellow Jackets batting - Pitching for Oklahoma State Cowboys : RHP Alfonso Rodríguez
Batting: RHB Juan Encarnación 0-0: Fly out, F5 (Line Drive, 56)
Batting: LHB John Lyons 0-0: Ball
1-0: Called Strike
1-1: Foul Ball, location: 2F
1-2: Foul Ball, location: 2F
1-2: Strikes out looking
Batting: RHB Hayden Martínez 0-0: SINGLE (Groundball, 56) (infield hit)
Batting: LHB José Martínez 0-0: Ball
1-0: Swinging Strike
1-1: Ball
2-1: Called Strike
2-2: Ball
3-2: Foul Ball, location: 2F
3-2: Reached on error, E6 (Groundball, 6)
Hayden Martínez to second
Batting: LHB Tomás Gonsáles 0-0: Ball
1-0: Called Strike
1-1: Fielders Choice at 2nd, 6-4 (Groundball, 6)
Top of the 3rd over - 0 runs, 1 hit, 1 error, 2 left on base; Georgia Tech 1 - Oklahoma State 2
BOTTOM OF THE 3RD
Oklahoma State Cowboys batting - Pitching for Georgia Tech Yellow Jackets : LHP Tristan Conlan
Batting: RHB Ricardo Toledo 0-0: Foul Ball, location: 2F
0-1: Ground out 6-3 (Groundball, 6)
Batting: SHB Simon Spencer 0-0: SINGLE (Groundball, 6D)
Batting: SHB Jacob Lachance 0-0: Foul Ball, location: 2F
0-1: Ball
1-1: Ball
2-1: Foul Ball, location: 2F
2-2: Grounds into double play, 4-6-3 (Groundball, 4)
Bottom of the 3rd over - 0 runs, 1 hit, 0 errors, 0 left on base; Georgia Tech 1 - Oklahoma State 2
TOP OF THE 4TH
Georgia Tech Yellow Jackets batting - Pitching for Oklahoma State Cowboys : RHP Alfonso Rodríguez
Batting: RHB Pat Gibson 0-0: Called Strike
0-1: Ball
1-1: Ball
2-1: Swinging Strike
2-2: Strikes out swinging
Batting: LHB Dan Crowell 0-0: Ball
1-0: Swinging Strike
1-1: Foul Ball, location: 2F
1-2: Fly out, F1 (Line Drive, 13S)
Batting: RHB Paul Neal 0-0: Ball
1-0: Ball
2-0: Ball
3-0: Called Strike
3-1: Foul Ball, location: 2F
3-2: Base on Balls
Batting: SHB John Pierce 0-0: Ball
1-0: Foul Ball, location: 2F
1-1: Ball
2-1: Foul Ball, location: 2F
2-2: Ground out 4-3 (Groundball, 4S)
Top of the 4th over - 0 runs, 0 hits, 0 errors, 1 left on base; Georgia Tech 1 - Oklahoma State 2
BOTTOM OF THE 4TH
Oklahoma State Cowboys batting - Pitching for Georgia Tech Yellow Jackets : LHP Tristan Conlan
Batting: SHB Steve Miner 0-0: Ball
1-0: Ball
2-0: Called Strike
2-1: Called Strike
2-2: Ball
3-2: Base on Balls
Batting: RHB Geoffrey Billings 0-0: Ball
Passed Ball!
Steve Miner to second
1-0: Called Strike
1-1: Called Strike
1-2: Ground out 5-3 (Groundball, 56)
Batting: RHB Tony Swanson 0-0: Ball
1-0: Foul Ball, location: 2F
1-1: Ball
2-1: Ball
3-1: Called Strike
3-2: Fly out, F6 (Popup, P)
Batting: RHB Álex Guzmán 0-0: Called Strike
0-1: Ball
1-1: Swinging Strike
1-2: Ball
2-2: Strikes out swinging
Bottom of the 4th over - 0 runs, 0 hits, 0 errors, 1 left on base; Georgia Tech 1 - Oklahoma State 2
TOP OF THE 5TH
Georgia Tech Yellow Jackets batting - Pitching for Oklahoma State Cowboys : RHP Alfonso Rodríguez
Batting: RHB Juan Encarnación 0-0: Called Strike
0-1: Ball
1-1: Swinging Strike
1-2: Ball
2-2: Strikes out swinging
Batting: LHB John Lyons 0-0: Called Strike
0-1: Ball
1-1: Foul Ball, location: 2F
1-2: Strikes out swinging
Batting: RHB Hayden Martínez 0-0: Ball
1-0: Ball
2-0: Ball
3-0: Base on Balls
Pitching: RHP Dan Tawesson
Batting: LHB José Martínez 0-0: Foul Ball, location: 2F
0-1: Called Strike
0-2: Ball
1-2: Strikes out looking
Top of the 5th over - 0 runs, 0 hits, 0 errors, 1 left on base; Georgia Tech 1 - Oklahoma State 2
BOTTOM OF THE 5TH
Oklahoma State Cowboys batting - Pitching for Georgia Tech Yellow Jackets : LHP Tristan Conlan
Batting: RHB Stephen Olvera 0-0: Ball
1-0: Ball
2-0: Ball
3-0: Called Strike
3-1: Base on Balls
Batting: SHB Enrique Martínez 0-0: Foul Ball, location: 2F
0-1: Ball
1-1: Ball
2-1: Swinging Strike
2-2: SINGLE (Groundball, 6MD)
Stephen Olvera to second
Runner from 2nd tries for 3rd, SAFE, no throw
Batting: RHB Ricardo Toledo 0-0: Swinging Strike
0-1: Fly out, F3 (Popup, 3SF)
Pitching: LHP Mike Rigsby
Batting: SHB Simon Spencer 0-0: Called Strike
0-1: Foul Ball, location: 2F
0-2: Strikes out swinging
Batting: SHB Jacob Lachance 0-0: Ball
1-0: Ball
2-0: Ball
3-0: Called Strike
3-1: SINGLE (Groundball, 6MD)
Stephen Olvera scores
Enrique Martínez to second
Batting: SHB Steve Miner 0-0: Called Strike
0-1: Ball
1-1: Ball
2-1: Called Strike
2-2: Foul Ball, location: 2F
2-2: Ball
3-2: Strikes out looking
Bottom of the 5th over - 1 run, 2 hits, 0 errors, 2 left on base; Georgia Tech 1 - Oklahoma State 3
TOP OF THE 6TH
Georgia Tech Yellow Jackets batting - Pitching for Oklahoma State Cowboys : RHP Dan Tawesson
Batting: LHB Tomás Gonsáles 0-0: Ball
1-0: Foul Ball, location: 2F
1-1: Ball
2-1: Ball
3-1: Swinging Strike
3-2: Foul Ball, location: 2F
3-2: Base on Balls
Batting: RHB Pat Gibson 0-0: Ball
1-0: Called Strike
1-1: SINGLE (Groundball, 56S) (infield hit)
Tomás Gonsáles to second
Batting: LHB Dan Crowell 0-0: Ball
1-0: Fielders Choice at 2nd, 3-6 (Groundball, 34)
Tomás Gonsáles to third
Batting: RHB Paul Neal 0-0: Called Strike
0-1: Swinging Strike
0-2: Ball
1-2: Ball
2-2: Foul Ball, location: 2F
2-2: Ground out 5-3 (Groundball, 5)
Dan Crowell to second
Batting: SHB John Pierce 0-0: Fly out, F3 (Popup, 3SF)
Top of the 6th over - 0 runs, 1 hit, 0 errors, 2 left on base; Georgia Tech 1 - Oklahoma State 3
BOTTOM OF THE 6TH
Oklahoma State Cowboys batting - Pitching for Georgia Tech Yellow Jackets : LHP Mike Rigsby
Batting: RHB Geoffrey Billings 0-0: Called Strike
0-1: Ball
1-1: Foul Ball, location: 2F
1-2: Strikes out swinging
Batting: RHB Tony Swanson 0-0: Ball
1-0: Foul Ball, location: 2F
1-1: Called Strike
1-2: Foul Ball, location: 2F
1-2: Ball
2-2: Ball
3-2: Base on Balls
Batting: RHB Álex Guzmán 0-0: Ball
1-0: Ball
2-0: Ball
3-0: Called Strike
3-1: Swinging Strike
3-2: Strikes out swinging
Batting: RHB Stephen Olvera 0-0: Ball
1-0: Ball
2-0: Ball
3-0: Called Strike
3-1: Base on Balls
Tony Swanson to second
Batting: SHB Enrique Martínez 0-0: Ball
1-0: Ball
2-0: Called Strike
2-1: Swinging Strike
2-2: Ball
3-2: Base on Balls
Tony Swanson to third
Stephen Olvera to second
Batting: RHB Ricardo Toledo 0-0: Ball
1-0: Foul Ball, location: 2F
1-1: Called Strike
1-2: Strikes out swinging
Bottom of the 6th over - 0 runs, 0 hits, 0 errors, 3 left on base; Georgia Tech 1 - Oklahoma State 3
TOP OF THE 7TH
Georgia Tech Yellow Jackets batting - Pitching for Oklahoma State Cowboys : RHP Dan Tawesson
Batting: RHB Juan Encarnación 0-0: Called Strike
0-1: DOUBLE (Line Drive, 89D)
Batting: LHB John Lyons 0-0: Called Strike
0-1: SINGLE (Groundball, 6) (infield hit)
Juan Encarnación to third
Batting: RHB Hayden Martínez 0-0: Ground out 6-3 (Groundball, 56)
John Lyons to second
Batting: LHB José Martínez 0-0: Ball
Error on foul ball, E9
1-1: Called Strike
1-2: Strikes out swinging
Batting: LHB Tomás Gonsáles 0-0: Foul Ball, location: 2F
0-1: Ball
1-1: Ball
2-1: Ball
3-1: Base on Balls
Batting: RHB Pat Gibson 0-0: Ball
1-0: Foul Ball, location: 2F
1-1: Foul Ball, location: 2F
1-2: Foul Ball, location: 2F
1-2: Strikes out swinging
Top of the 7th over - 0 runs, 2 hits, 1 error, 3 left on base; Georgia Tech 1 - Oklahoma State 3
BOTTOM OF THE 7TH
Oklahoma State Cowboys batting - Pitching for Georgia Tech Yellow Jackets : LHP Mike Rigsby
Batting: SHB Simon Spencer 0-0: Ball
1-0: Swinging Strike
1-1: Ball
2-1: Foul Ball, location: 2F
2-2: Foul Ball, location: 2F
2-2: Strikes out swinging
Batting: SHB Jacob Lachance 0-0: Ball
1-0: Ball
2-0: Ball
3-0: Base on Balls
Pitching: LHP Steve O'Farrell
Batting: SHB Steve Miner 0-0: Ball
1-0: Swinging Strike
1-1: Called Strike
1-2: Strikes out swinging
Batting: RHB Geoffrey Billings 0-0: Swinging Strike
0-1: Ball
1-1: Ball
2-1: Ball
3-1: Base on Balls
Jacob Lachance to second
Batting: RHB Tony Swanson 0-0: Ball
1-0: Ground out 2-3 (Groundball, 15S)
Bottom of the 7th over - 0 runs, 0 hits, 0 errors, 2 left on base; Georgia Tech 1 - Oklahoma State 3
TOP OF THE 8TH
Georgia Tech Yellow Jackets batting - Pitching for Oklahoma State Cowboys : RHP Dan Tawesson
Batting: LHB Dan Crowell 0-0: Called Strike
0-1: Ball
1-1: Fly out, F9 (Flyball, 9D)
Batting: RHB Paul Neal 0-0: Ball
1-0: Foul Ball, location: 2F
1-1: SINGLE (Groundball, 34D)
Batting: SHB John Pierce 0-0: Ball
1-0: Fly out, F9 (Flyball, 89D)
Batting: RHB Juan Encarnación 0-0: Swinging Strike
0-1: Ball
1-1: Foul Ball, location: 2F
1-2: Foul Ball, location: 2F
1-2: SINGLE (Groundball, 34D)
Paul Neal to second
Runner from 2nd tries for 3rd, SAFE, no throw
Pitching: LHP Michel Sharkey
Pinch Runner at 3rd José Fernández:
Batting: LHB John Lyons 0-0: Ball
1-0: Called Strike
1-1: Ground out U3 (Groundball, 3)
Top of the 8th over - 0 runs, 2 hits, 0 errors, 2 left on base; Georgia Tech 1 - Oklahoma State 3
BOTTOM OF THE 8TH
Oklahoma State Cowboys batting - Pitching for Georgia Tech Yellow Jackets : LHP Steve O'Farrell
Now at 3B: José Fernández
Batting: RHB Álex Guzmán 0-0: Ball
1-0: Foul Ball, location: 2F
1-1: Ball
2-1: Foul Ball, location: 2F
2-2: Strikes out looking
Batting: RHB Stephen Olvera 0-0: Ball
1-0: Ball
2-0: Ball
3-0: Called Strike
3-1: Foul Ball, location: 2F
3-2: Strikes out swinging
Batting: SHB Enrique Martínez 0-0: SINGLE (Line Drive, 56D)
Batting: RHB Ricardo Toledo 0-0: Ball
1-0: Called Strike
1-1: Called Strike
1-2: Fly out, F7 (Flyball, 7LM)
Bottom of the 8th over - 0 runs, 1 hit, 0 errors, 1 left on base; Georgia Tech 1 - Oklahoma State 3
TOP OF THE 9TH
Georgia Tech Yellow Jackets batting - Pitching for Oklahoma State Cowboys : LHP Michel Sharkey
Pitching: RHP Keith Crabtree
Batting: RHB Hayden Martínez 0-0: Ground out 5-3 (Groundball, 56)
Batting: LHB José Martínez 0-0: Ball
1-0: Ball
2-0: Foul Ball, location: 2F
2-1: Ball
3-1: Swinging Strike
3-2: Fly out, F8 (Flyball, 8LD)
Batting: LHB Tomás Gonsáles 0-0: Foul Ball, location: 2F
0-1: Called Strike
0-2: Foul Ball, location: 2F
0-2: Strikes out looking
Top of the 9th over - 0 runs, 0 hits, 0 errors, 0 left on base; Georgia Tech 1 - Oklahoma State 3
Saturday, April 7th, 2018 - OOTP Baseball 18.8 Build 76